Eri, neutral female human Healer --------- -------------- #----------- |.......| |............| #|..ll.....| -------------- |.......| |............| #-0_@l...... ..............| |........############`|............| #|...l.....| .| |......#| ##|............| #|.........| --|--.--- ##|.............##########--------.-- # ## ####-------------- # # # ##################### # ## # # # # # # ### ########### # # #-----# # ----|- #|...|######## # |.....%######|{..|# -|---.---- |..{`| #....|# |........| |..%..#######|%<.-# |........+#### |....| #||..| |........| |....-######`----- |....%...| ------ ---------- Eri the Empiric Experience level: 4 Strength: 8 Dexterity: 11 Constitution: 12 Intelligence: 12 Wisdom: 14 Charisma: 18 Health: 0(36) Energy: 36(36) Def: 5 Gold: 1944 Moves: 1292 Dungeon seed: S5qT6XEEzqQfK75_ Game ID: Eri_1626525346 Your Inventory: Coins $ - 1944 gold pieces Weapons a - an uncursed +0 scalpel D - an uncursed -1 dagger (weapon in hand) G - an uncursed +0 aklys Armor e - an uncursed +1 pair of leather gloves (being worn) r - a cursed +0 pair of kicking boots (being worn) y - an uncursed +0 leather cloak z - an uncursed +0 oilskin cloak (being worn) N - an uncursed +0 orcish helm (being worn) Comestibles j - 5 blessed eucalyptus leaves k - a blessed sprig of wolfsbane l - 3 blessed cloves of garlic m - 6 uncursed apples w - an uncursed clove of garlic Spellbooks g - a blessed spellbook of healing h - a blessed spellbook of extra healing i - a blessed spellbook of stone to flesh Potions c - 2 uncursed potions of healing p - an uncursed potion of gain ability Wands f - an uncursed wand of sleep (0:8) Tools b - an uncursed stethoscope Gems n - an uncursed worthless piece of blue glass Spells and supernatural/magical abilities: Name Level Category Fail Memory h - healing 1 healing 26% 94% x - extra healing 3 healing 45% 94% S - stone to flesh 3 healing 61% 94% W - pray for help -- divine ? -- Your skills at the end: Miscellaneous Skills wands [Basic] Weapon Skills knife [Basic] Spellcasting Skills healing spells [Basic] Final Attributes: You were devoutly aligned. You were poison resistant. Your writing hand was thoroughly cramped from overuse. You were stealthy. You were very unlucky. Hermes was angry with you. You are dead. Vanquished creatures: a small mimic an orc zombie a hobbit a gecko 2 giant rats a yellow mold 2 gnomes a garter snake 3 jackals a fox a kobold 2 newts 3 goblins a sewer rat 4 grid bugs 2 lichens a kobold zombie 28 creatures vanquished. Voluntary challenges: You did not cause conflict. You were not invisible. You did not have reflection. You were not displaced. You used a wielded weapon 89 times, starting on turn 36. You did not apply a unicorn horn. You did not use plumbed fixtures. You read items or engraved 12 times, starting on turn 8. You never genocided any monsters. You never polymorphed an object. You never changed form. You used no wishes. You never split a pudding. You wrote Elbereth's name 7 times, starting on turn 925. You never violated your personal moral code. Dungeon overview: The Dungeons of Doom: levels 1 to 3 Level 1 some fountains a long staircase Level 2 an armor shop stairs to The Gnomish Mines Level 3 <- You were here some fountains, a sink The Gnomish Mines: Level 3 stairs to The Dungeons of Doom History has recorded: On T:1 you entered the Dungeons of Doom to retrieve the Amulet of Yendor! On T:154 you reached level 2 of The Dungeons of Doom. On T:173 you advanced to experience level 2. On T:222 you prayed to Hermes. On T:283 you advanced to experience level 3. On T:395 you reached level 3 of The Dungeons of Doom. On T:538 you advanced to experience level 4. On T:887 you reached level 1 of The Gnomish Mines. On T:1100 you prayed to Hermes. On T:1103 you prayed to Hermes. On T:1108 you prayed to Hermes. On T:1208 you prayed to Hermes. On T:1215 you prayed to Hermes. Score breakdown: Gold: 312 ( 31 points) Experience: 4 levels ( 300 points) Exploration: 3 levels ( 60 points) Discoveries: 13 items ( 650 points) Variety of kills: 17 monsters ( 850 points) Major goal: (nothing yet) ( 0 points) Survival: died (score multiplied by 3) Total score: 5673 Latest messages: You miss the newt. The gecko bites! The newt bites! You miss the newt. The gecko bites! You miss the newt. The gecko bites! The newt bites! You miss the newt. The newt just misses! The gecko bites! You miss the newt. The gecko bites! The newt bites! You miss the gecko. The newt misses. The gecko bites! You are beginning to feel hungry. You miss the gecko. The gecko misses. The newt bites! You die... Final status: Goodbye Eri the Healer, killed by a newt... You died in The Dungeons of Doom on dungeon level 3 with 5673 points, and 1944 pieces of gold, after 1292 moves. You were level 4 with a maximum of 36 hit points when you died.